SR
FRANKLIN FIRE @ CROWLEY CAJUNS
06/26/2034
 
TOP OF THE 1ST
Franklin Fire batting - Pitching for Crowley Cajuns : RHP Rainer Polonius
Pitching: RHP Rainer Polonius
Batting: LHB Wilson Hernández 0-0: Called Strike
0-1: Foul Ball, location: 2F
0-2: Foul Ball, location: 2F
0-2: Foul Ball, location: 2F
0-2: SINGLE (Groundball, 25) (infield hit)
Batting: RHB Dan Lewis 0-0: Ball
1-0: Ball
2-0: Called Strike
2-1: Foul Ball, location: 2F
2-2: Foul Ball, location: 2F
2-2: Grounds into double play, 5-4-3 (Groundball, 5)
Batting: RHB Peter Holland 0-0: Ball
1-0: Ball
2-0: Foul Ball, location: 2F
2-1: Foul Ball, location: 2F
2-2: Ball
3-2: Ground out 4-3 (Groundball, 4)
Top of the 1st over - 0 runs, 1 hit, 0 errors, 0 left on base; Franklin 0 - Crowley 0
BOTTOM OF THE 1ST
Crowley Cajuns batting - Pitching for Franklin Fire : RHP Jesús Cruz
Pitching: RHP Jesús Cruz
Batting: RHB Stephen Warren 0-0: Called Strike
0-1: Ball
1-1: Ball
2-1: Ball
3-1: Foul Ball, location: 2F
3-2: SINGLE (Line Drive, 8LS)
Batting: RHB Steve Smith 0-0: Ball
1-0: SINGLE (Line Drive, 6M)
Stephen Warren to second
Batting: LHB Stephen Goldobenko 0-0: Ball
1-0: Ball
2-0: Called Strike
2-1: Fly out, F9 (Flyball, 9S)
Batting: RHB Lucas Winslade 0-0: Called Strike
0-1: Ball
1-1: Ball
2-1: SINGLE (Groundball, 6MD)
Stephen Warren to third
Steve Smith to second
Runner from 3rd tries for Home, SAFE, no throw
Batting: RHB Miguel Contreras 0-0: Ball
Steve Smith steals 3rd base
Lucas Winslade to second
1-0: Ground out 5-3 (Groundball, 56)
Steve Smith scores
Batting: SHB Reginald Gibson 0-0: Ball
1-0: Called Strike
1-1: Foul Ball, location: 2F
1-2: Ball
2-2: Foul Ball, location: 2F
2-2: Fly out, F6 (Popup, 6MS)
Bottom of the 1st over - 2 runs, 3 hits, 0 errors, 1 left on base; Franklin 0 - Crowley 2
TOP OF THE 2ND
Franklin Fire batting - Pitching for Crowley Cajuns : RHP Rainer Polonius
Batting: SHB Govaart Baars 0-0: Ball
1-0: Ball
2-0: Ground out 6-3 (Groundball, 6)
Batting: RHB Ricardo Cardona 0-0: Called Strike
0-1: Swinging Strike
0-2: Ball
1-2: Ball
2-2: Ball
3-2: Foul Ball, location: 2F
3-2: Fly out, F9 (Line Drive, 9)
Batting: LHB Kent Maxwell 0-0: Ball
1-0: Swinging Strike
1-1: Foul Ball, location: 2F
1-2: Foul Ball, location: 2F
1-2: Foul Ball, location: 2F
1-2: Foul Ball, location: 2F
1-2: Ball
2-2: SINGLE (Line Drive, 34)
Batting: LHB Tareef Ashraf 0-0: Called Strike
0-1: Foul Ball, location: 2F
0-2: Ball
1-2: Foul Ball, location: 2F
1-2: Strikes out swinging
Top of the 2nd over - 0 runs, 1 hit, 0 errors, 1 left on base; Franklin 0 - Crowley 2
BOTTOM OF THE 2ND
Crowley Cajuns batting - Pitching for Franklin Fire : RHP Jesús Cruz
Batting: LHB Scott Fields 0-0: Called Strike
0-1: Foul Ball, location: 2F
0-2: Strikes out swinging
Batting: RHB Yegor Winchugov 0-0: Ball
1-0: Foul Ball, location: 2F
1-1: Ball
2-1: Swinging Strike
2-2: Ball
3-2: Foul Ball, location: 2F
3-2: Strikes out swinging
Batting: RHB Dusty Hunt 0-0: Foul Ball, location: 2F
0-1: Foul Ball, location: 2F
0-2: Strikes out swinging
Bottom of the 2nd over - 0 runs, 0 hits, 0 errors, 0 left on base; Franklin 0 - Crowley 2
TOP OF THE 3RD
Franklin Fire batting - Pitching for Crowley Cajuns : RHP Rainer Polonius
Batting: RHB John Billings 0-0: Ball
1-0: Ball
2-0: Called Strike
2-1: Foul Ball, location: 2F
2-2: Foul Ball, location: 2F
2-2: Ball
3-2: Ground out 3-1 (Groundball, 3S)
Batting: RHB Rubén Plumey 0-0: Swinging Strike
0-1: Ball
1-1: Ball
2-1: Called Strike
2-2: Strikes out swinging
Batting: LHB Wilson Hernández 0-0: Called Strike
0-1: Ball
1-1: Ball
2-1: Ball
3-1: Foul Ball, location: 2F
3-2: Base on Balls
Batting: RHB Dan Lewis 0-0: Ball
1-0: Ball
Wilson Hernández is caught stealing 2nd base
Top of the 3rd over - 0 runs, 0 hits, 0 errors, 0 left on base; Franklin 0 - Crowley 2
BOTTOM OF THE 3RD
Crowley Cajuns batting - Pitching for Franklin Fire : RHP Jesús Cruz
Batting: RHB Stephen Warren 0-0: Called Strike
0-1: Ball
1-1: Ball
2-1: SINGLE (Flyball, 9LS)
Batting: RHB Steve Smith 0-0: Ball
1-0: Foul Ball, location: 2F
1-1: Ball
2-1: Swinging Strike
2-2: Strikes out swinging
Batting: LHB Stephen Goldobenko 0-0: Ball
1-0: Ball
2-0: Ball
3-0: Called Strike
3-1: Swinging Strike
3-2: Foul Ball, location: 2F
3-2: Grounds into double play, 4-6-3 (Groundball, 4)
Bottom of the 3rd over - 0 runs, 1 hit, 0 errors, 0 left on base; Franklin 0 - Crowley 2
TOP OF THE 4TH
Franklin Fire batting - Pitching for Crowley Cajuns : RHP Rainer Polonius
Batting: RHB Dan Lewis 0-0: Ball
1-0: Ball
2-0: Ball
3-0: Base on Balls
Batting: RHB Peter Holland 0-0: Ball
1-0: Fly out, F7 (Flyball, 78D)
Batting: SHB Govaart Baars 0-0: Called Strike
Dan Lewis is caught stealing 2nd base
0-1: Called Strike
0-2: Foul Ball, location: 2F
0-2: Ball
1-2: Strikes out swinging
Top of the 4th over - 0 runs, 0 hits, 0 errors, 0 left on base; Franklin 0 - Crowley 2
BOTTOM OF THE 4TH
Crowley Cajuns batting - Pitching for Franklin Fire : RHP Jesús Cruz
Batting: RHB Lucas Winslade 0-0: Called Strike
0-1: Ball
1-1: Fly out, F7 (Flyball, 7LM)
Batting: RHB Miguel Contreras 0-0: Fly out, F3 (Popup, 3SF)
Batting: SHB Reginald Gibson 0-0: Called Strike
0-1: Fly out, F7 (Flyball, 78D)
Bottom of the 4th over - 0 runs, 0 hits, 0 errors, 0 left on base; Franklin 0 - Crowley 2
TOP OF THE 5TH
Franklin Fire batting - Pitching for Crowley Cajuns : RHP Rainer Polonius
Batting: RHB Ricardo Cardona 0-0: Called Strike
0-1: Ground out 6-3 (Groundball, 6)
Batting: LHB Kent Maxwell 0-0: Ball
1-0: Foul Ball, location: 2F
1-1: Fly out, F2 (Popup, 2LF)
Batting: LHB Tareef Ashraf 0-0: Ball
1-0: Ball
2-0: Swinging Strike
2-1: Foul Ball, location: 2F
2-2: Ball
3-2: Strikes out looking
Top of the 5th over - 0 runs, 0 hits, 0 errors, 0 left on base; Franklin 0 - Crowley 2
BOTTOM OF THE 5TH
Crowley Cajuns batting - Pitching for Franklin Fire : RHP Jesús Cruz
Batting: LHB Scott Fields 0-0: Foul Ball, location: 2F
0-1: Foul Ball, location: 2F
0-2: Ball
1-2: Ball
2-2: Ball
3-2: Fly out, F8 (Flyball, 8LD)
Batting: RHB Yegor Winchugov 0-0: Foul Ball, location: 2F
0-1: Swinging Strike
0-2: Ball
1-2: Ball
2-2: Strikes out swinging
Batting: RHB Dusty Hunt 0-0: Ball
1-0: Called Strike
1-1: Fly out, F8 (Flyball, 8RD)
Bottom of the 5th over - 0 runs, 0 hits, 0 errors, 0 left on base; Franklin 0 - Crowley 2
TOP OF THE 6TH
Franklin Fire batting - Pitching for Crowley Cajuns : RHP Rainer Polonius
Batting: RHB John Billings 0-0: Ball
1-0: Called Strike
1-1: Ball
2-1: Fly out, F8 (Flyball, 8RM)
Batting: RHB Rubén Plumey 0-0: Foul Ball, location: 2F
0-1: Called Strike
0-2: Foul Ball, location: 2F
0-2: Ball
1-2: Ball
2-2: Foul Ball, location: 2F
2-2: Foul Ball, location: 2F
2-2: Ball
3-2: Foul Ball, location: 2F
3-2: Strikes out swinging
Batting: LHB Wilson Hernández 0-0: Called Strike
0-1: Swinging Strike
0-2: Ball
1-2: Ground out 6-3 (Groundball, 6)
Top of the 6th over - 0 runs, 0 hits, 0 errors, 0 left on base; Franklin 0 - Crowley 2
BOTTOM OF THE 6TH
Crowley Cajuns batting - Pitching for Franklin Fire : RHP Jesús Cruz
Batting: RHB Stephen Warren 0-0: Bunt for hit - play at first, batter OUT! 1-3
Batting: RHB Steve Smith 0-0: Reached on error, E5 (Groundball, 56)
Batting: LHB Stephen Goldobenko 0-0: Swinging Strike
0-1: Ball
1-1: Foul Ball, location: 2F
1-2: Ball
Wild Pitch!
Steve Smith to second
2-2: Strikes out swinging
Batting: RHB Lucas Winslade 0-0: Called Strike
0-1: Swinging Strike
0-2: Ball
1-2: Ball
2-2: Fly out, F6 (Popup, 6D)
Bottom of the 6th over - 0 runs, 0 hits, 1 error, 1 left on base; Franklin 0 - Crowley 2
TOP OF THE 7TH
Franklin Fire batting - Pitching for Crowley Cajuns : RHP Rainer Polonius
Pitching: LHP Kinzo Suzuki
Batting: RHB Dan Lewis 0-0: Ball
1-0: Ball
2-0: Foul Ball, location: 2F
2-1: Ball
3-1: Foul Ball, location: 2F
3-2: Fly out, F7 (Flyball, 7)
Batting: RHB Peter Holland 0-0: Ball
1-0: Ball
2-0: Swinging Strike
2-1: Called Strike
2-2: Ball
3-2: Strikes out looking
Batting: SHB Govaart Baars 0-0: Foul Ball, location: 2F
0-1: Ground out 6-3 (Groundball, 6)
Top of the 7th over - 0 runs, 0 hits, 0 errors, 0 left on base; Franklin 0 - Crowley 2
BOTTOM OF THE 7TH
Crowley Cajuns batting - Pitching for Franklin Fire : RHP Jesús Cruz
Batting: RHB Miguel Contreras 0-0: Fly out, F7 (Flyball, 78M)
Batting: SHB Reginald Gibson 0-0: Ball
1-0: Swinging Strike
1-1: Ball
2-1: Ground out 6-3 (Groundball, 56)
Batting: LHB Scott Fields 0-0: Ball
1-0: Ball
2-0: Called Strike
2-1: Called Strike
2-2: Strikes out swinging
Bottom of the 7th over - 0 runs, 0 hits, 0 errors, 0 left on base; Franklin 0 - Crowley 2
TOP OF THE 8TH
Franklin Fire batting - Pitching for Crowley Cajuns : LHP Kinzo Suzuki
Batting: RHB Ricardo Cardona 0-0: Foul Ball, location: 2F
0-1: Swinging Strike
0-2: Foul Ball, location: 2F
0-2: Strikes out looking
Batting: LHB Kent Maxwell 0-0: Called Strike
0-1: Swinging Strike
0-2: Foul Ball, location: 2F
0-2: Ball
1-2: Strikes out swinging
Batting: LHB Tareef Ashraf 0-0: Ball
1-0: Fly out, F5 (Popup, 15)
Top of the 8th over - 0 runs, 0 hits, 0 errors, 0 left on base; Franklin 0 - Crowley 2
BOTTOM OF THE 8TH
Crowley Cajuns batting - Pitching for Franklin Fire : RHP Jesús Cruz
Batting: RHB Yegor Winchugov 0-0: Ball
1-0: Foul Ball, location: 2F
1-1: Foul Ball, location: 2F
1-2: Ball
2-2: Strikes out swinging
Batting: RHB Dusty Hunt 0-0: Foul Ball, location: 2F
0-1: Called Strike
0-2: Ball
1-2: Ball
2-2: Strikes out swinging
Batting: RHB Stephen Warren 0-0: Ball
1-0: Called Strike
1-1: Ball
2-1: SINGLE (Groundball, 6D)
Pitching: LHP Lex Janssen
Batting: RHB Steve Smith 0-0: Ball
1-0: SINGLE (Groundball, 34D)
Stephen Warren to second
Runner from 2nd tries for 3rd, SAFE, no throw
Pinch Hitting: RHB Juan Mateo 0-0: Ball
1-0: Swinging Strike
1-1: Ball
2-1: Ground out 5-3 (Groundball, 56S)
Bottom of the 8th over - 0 runs, 2 hits, 0 errors, 2 left on base; Franklin 0 - Crowley 2
TOP OF THE 9TH
Franklin Fire batting - Pitching for Crowley Cajuns : LHP Kinzo Suzuki
Now in RF: Juan Mateo
Batting: RHB John Billings 0-0: Ball
1-0: Swinging Strike
1-1: Called Strike
1-2: Ball
2-2: Strikes out swinging
Batting: RHB Rubén Plumey 0-0: Called Strike
0-1: Foul Ball, location: 2F
0-2: Ball
1-2: Ground out U3 (Groundball, 3)
Batting: LHB Wilson Hernández 0-0: Foul Ball, location: 2F
0-1: Swinging Strike
0-2: Strikes out swinging
Top of the 9th over - 0 runs, 0 hits, 0 errors, 0 left on base; Franklin 0 - Crowley 2
Friday, March 29th, 2019 - OOTP Baseball 18.8 Build 76